cohdb
Replays
Latest Replays
All Replays
Popular Replays
Top Player Replays
Match Explorer
How It Works
Community
CoH3 Stats
Reddit
Sign in to upload your games and track your stats! →
Sign in with Steam
Match 45885323
Unlisted
Match 45885323
Overview
Messages
Build Orders
End
Construct Infanterie Kompanie
Pioneer Squad
Selects Breakthrough Battlegroup
Selects Assault Grenadiers
Grenadier Squad
MG 42 Machine Gun Team
Grenadier Squad
Grenadier Squad
Infanterie Officer Quarters
Construct Panzergrenadier Kompanie
251 Medium Carrier
Pak 40 Anti-tank Gun Team
Selects 2.5-tonne Cargo Truck
2.5-tonne Cargo Truck
AI Takeover
PlumApollo
綾目
Olg
rocketpossum
0
0
Comments
sign in to comment!
No comments posted yet!